 Dungeon Crawl Stone Soup version 0.18-a0-1006-g6b5bfb2 (console) character file.

30 FIQ the Skirmisher (level 3, 0/29 HPs)
             Began as a Demonspawn Chaos Knight on Jan 6, 2016.
             Slain by a goblin (1 damage)
             ... on level 2 of the Dungeon.
             The game lasted 00:03:33 (967 turns).

FIQ the Skirmisher (Demonspawn Chaos Knight)         Turns: 967, Time: 00:03:33

Health: 0/29       AC:  5    Str: 12    XL:     3   Next: 5%
Magic:  3/3        EV: 11    Int: 13    God:    Xom [..*...]
Gold:   22         SH:  0    Dex: 13    Spells: 0 memorised, 2 levels left

rFire  . . .     SeeInvis .     a - +0 mace (chaos)
rCold  + . .     Gourm    .     b - +2 leather armour
rNeg   . . .     Faith    .     (no shield)
rPois  .         Spirit   .     (no helmet)
rElec  .         Dismiss  .     (no cloak)
rCorr  .         Reflect  .     (no gloves)
SustAt .         Harm     .     (no boots)
MR     +....                    (no amulet)
Stlth  +.........               (no ring)
                                h - ring of protection from magic

@: somewhat resistant to hostile enchantments, very unstealthy
A: cold resistance 1, powered by pain 1
a: Renounce Religion


You were on level 2 of the Dungeon.
You worshipped Xom.
You were a toy of Xom.
You were hungry.

You visited 1 branch of the dungeon, and saw 2 of its levels.

You collected 22 gold pieces.

Inventory:

Hand Weapons
 a - a +0 mace of chaos (weapon)
Armour
 b - a +2 leather armour (worn)
Jewellery
 h - a ring of protection from magic (left hand)
Scrolls
 e - a scroll of identify
 i - a scroll of teleportation
Potions
 d - 2 potions of brilliance
Comestibles
 c - 2 bread rations
 f - a royal jelly
 g - a chunk of flesh


   Skills:
 + Level 3.4 Fighting
 + Level 3.1 Maces & Flails
 + Level 2.2 Armour
 + Level 1.1 Dodging


You had 2 spell levels left.
You didn't know any spells.

Dungeon Overview and Level Annotations

Branches:
Dungeon (2/15)

Altars:
Cheibriados
Kikubaaqudgha


Innate Abilities, Weirdness & Mutations

Your flesh is cold resistant.
You sometimes gain a little power by taking damage.


Message History

Something hits you. x2
No target in view!
No target in view!
No target in view!
No target in view!
No target in view!
You hit something but do no damage. Something hits you.
You closely miss something. Something hits you but does no damage.
Something hits you but does no damage.
You barely miss something. Something hits you.
Something hits you but does no damage.
You completely miss something. Something hits you.
Something hits you but does no damage.
You miss something. Something hits you. Something hits you but does no damage.
You miss something. Something barely misses you. Something hits you.
* * * LOW HITPOINT WARNING * * *
You barely miss something. Something hits you.
* * * LOW HITPOINT WARNING * * *
Something hits you but does no damage.
You hear a shout!
Something hits you.
You die...
Xom yawns loudly!

#.##.........
#.....≈..⌠...
#...≈≈≈≈...#.#
#...≈≈≈...##.##
#..≈≈≈≈...##..#
#..≈≈≈≈≈..#..#
#...≈≈..≈.#.†#
#.⌠..@.._.#..####
#..l##....#....<#
.######.########..####
...b..............###
......)..###....#...#
.?.....#.###....#.###
.......#..........#
...._..############
....... ..#.### ..#.


You could see a giant newt.

Vanquished Creatures
  2 giant geckos (D:1)
  A ball python (D:1)
  4 bats
  A giant cockroach (D:1)
  4 goblins (D:1)
  4 hobgoblins
  6 kobolds (D:1)
  4 rats (D:1)
26 creatures vanquished.

Notes
Turn   | Place    | Note
--------------------------------------------------------------
     0 | D:1      | FIQ the Demonspawn Chaos Knight began the quest for the Orb.
     0 | D:1      | Reached XP level 1. HP: 18/18 MP: 1/1
    75 | D:1      | Reached skill level 1 in Dodging
   164 | D:1      | XOM: butterfly on damage
   165 | D:1      | Gained mutation: Your flesh is cold resistant. [demonic ancestry]
   165 | D:1      | Reached XP level 2. HP: 4/24 MP: 2/2
   390 | D:1      | XOM: divination: magic mapping
   473 | D:1      | XOM: silly message
   851 | D:1      | Gained mutation: You sometimes gain a little power by taking damage. [demonic ancestry]
   851 | D:1      | Reached XP level 3. HP: 25/29 MP: 3/3
   947 | D:2      | Found a snail-covered altar of Cheibriados.
   950 | D:2      | Found an ancient bone altar of Kikubaaqudgha.
   955 | D:2      | XOM: harmless Tloc miscast
   965 | D:2      | HP: 1/29 [something (6)]
   967 | D:2      | Slain by a goblin

Vault maps used:
D:1:      dpeg_arrival_snail, hangedman_decor_points
D:2:      ashenzari_conservatory_becter, cheibriados_altar_1,
          kiku_gazebo_pond_becter

Action                   || total
-------------------------++-------
Melee: Mace              ||    92
  Use: Potion            ||     2
       Scroll            ||     2
 Stab: Confused          ||     1
